Cogmind - Beta 10.1 @@@ ROGUE MODE // 2020.09.24 @ 12:35:25 Player: Sukhoy Result: Destroyed by S-10 Pest with Light Assault Rifle Performance ------------- Evolutions (0) 0 Regions Visited (1) 200 Robots Destroyed (26) 130 Value Destroyed (502) 502 Prototype IDs (0) 0 Alien Tech Used (0) 0 Bonus (0) 0 TOTAL SCORE: 832 Bonus ------- None Cogmind --------- Core Integrity 0/250 Matter 278/300 Energy 160/160 System Corruption 4% Temperature Cool (38) Movement Rolling (100) Location -10/Materials Parts ------- > --- POWER (1) -------- Light Nuclear Core > --- PROPULSION (2) --- Compact Wheel Compact Wheel > --- UTILITY (2) ------ Large Storage Unit Utility Shielding > --- WEAPON (2) ------- Assault Rifle > --- INVENTORY (10) --- Ion Engine Light Ion Engine Large Storage Unit Sensor Array Targeting Computer EM Pulse Gun Assault Rifle Peak State ------------ > --- POWER ------------ Light Nuclear Core > --- PROPULSION ------- Compact Wheel Compact Wheel > --- UTILITY ---------- Large Storage Unit Utility Shielding > --- WEAPON ----------- Beam Cannon Assault Rifle > --- INVENTORY -------- Ion Engine Light Ion Engine Large Storage Unit Targeting Computer EM Pulse Gun Assault Rifle Grenade Launcher [Rating: 9] Favorites ----------- Power Light Ion Engine Engine Light Ion Engine Power Core Light Nuclear Core Propulsion Wheel Wheel Wheel Utility Small Storage Unit Device Tractor Beam Storage Small Storage Unit Protection Utility Shielding Weapon Assault Rifle Energy Gun Small Laser Energy Cannon Beam Cannon Ballistic Gun Assault Rifle Launcher Grenade Launcher Build | -11 -10 ------- Run | Scr Mat Slots Evolved . | . . Power . | . . Propulsion . | . . Utility . | . . Weapon . | . . Parts Attached 33 | 9 24 Power 6 | 2 4 Engine 5 | 2 3 Core 1 | . 1 Reactor . | . . Propulsion 9 | 3 6 Treads . | . . Leg . | . . Wheel 9 | 3 6 Hover . | . . Flight . | . . Utility 5 | 2 3 Device 2 | 1 1 Storage 2 | 1 1 Processor . | . . Hackware . | . . Protection 1 | . 1 Artifact . | . . Weapon 13 | 2 11 Energy Gun 1 | 1 . Energy Cannon 1 | . 1 Ballistic Gun 6 | 1 5 Ballistic Cannon . | . . Launcher 5 | . 5 Special Weapon . | . . Impact Weapon . | . . Slashing Weapon . | . . Piercing Weapon . | . . Special Melee Weapon . | . . Unidentified Prototypes . | . . Parts Lost 7 | . 7 Power 2 | . 2 Propulsion 2 | . 2 Utility 1 | . 1 Weapon 2 | . 2 Highest Loss Streak 2 | . 2 Average Slot Usage (%) 96 | . 96 Engine 11 | . 11 Core 1 | . 1 Wheel 26 | . 26 Device 2 | . 2 Storage 14 | . 14 Protection 11 | . 11 Energy Gun 1 | . 1 Energy Cannon 10 | . 10 Ballistic Gun 13 | . 13 Launcher 2 | . 2 Naked Turns . | . . Heaviest Build 27 | 13 27 Greatest Support 32 | 26 32 Greatest Overweight (x) 1 | . 1 Average Overweight (x) . | . . Largest Inventory Capacity 10 | 6 10 Average Capacity 6 | 4 6 Most Carried 8 | 6 8 Average Carried 5 | 2 5 Final Capacity 10 | 6 10 Final Carried 7 | 6 7 Class Distribution -------------------- 100% | Mutant Dominant Class ---------------- Mutant | -10/Materials Resources | -11 -10 ----------- Run | Scr Mat Matter Collected 728 | 281 447 Remotely 252 | 209 43 Salvage Created 696 | 100 596 Parts 46 | 9 37 Haulers Intercepted . | . . Recyclers Shooed 1 | . 1 Parts Field Recycled . | . . Retrieved Matter . | . . Parts Self-Destructed . | . . Prevented . | . . Kills | -11 -10 ------- Run | Scr Mat Combat Hostiles Destroyed 16 | . 16 Guns 1 | . 1 Cannons 7 | . 7 AOE 8 | . 8 Classes Destroyed 9 | 2 7 Worker 1 | . 1 Builder 1 | . 1 Tunneler 2 | 2 . Recycler 3 | 1 2 Mechanic 1 | . 1 Operator 1 | . 1 Watcher 1 | . 1 Swarmer 7 | . 7 Grunt 9 | . 9 Best Kill Streak 5 | 2 5 Combat Bots Only 5 | . 5 Max Kills in Single Turn 2 | 1 2 Gunslinging . | . . Exploded 2 | . 2 Melee . | . . Uniques/NPCs Destroyed . | . . Combat | -11 -10 -------- Run | Scr Mat Damage Taken 869 | . 869 Core 253 | . 253 Absorbed by Shields . | . . Core Remaining (%) 100 | 100 . Volleys Fired 55 | 5 50 Largest 2 | 2 2 Hottest 90 | 60 90 Shots Fired 99 | 7 92 Gun 47 | 7 40 Cannon 41 | . 41 Launcher 11 | . 11 Special . | . . Kinetic 41 | 5 36 Thermal 47 | 2 45 Explosive 11 | . 11 Electromagnetic . | . . Robot Hit Streak 7 | 5 7 Robot Miss Streak 4 | . 4 Penetration Max . | . . Secondary Targets . | . . Shots Hit Robots 54 | 5 49 Core Hits 33 | 4 29 Critical Hits . | . . Critical Kills . | . . Critical Parts Destroyed . | . . Melee Attacks . | . . Impact . | . . Slashing . | . . Piercing . | . . Sneak Attacks . | . . Combat Hostiles . | . . Follow-up Attacks . | . . Damage Inflicted 1427 | 56 1371 Guns 237 | 56 181 Cannons 474 | . 474 Explosions 716 | . 716 Melee . | . . Ramming . | . . Kinetic 196 | 36 160 Thermal 515 | 20 495 Explosive 716 | . 716 Electromagnetic . | . . Impact . | . . Slashing . | . . Piercing . | . . Highest Corruption 4 | . 4 Average Corruption 3 | . 3 Corruption Purged . | . . Effects 10 | . 10 Message Errors 1 | . 1 Matter Fused 3 | . 3 Data Loss (minor) 3 | . 3 Targeting Errors 3 | . 3 Overload Shots . | . . Overflow Damage 52 | . 52 Projectiles . | . . Explosions 52 | . 52 Melee . | . . Knockbacks . | . . Impact . | . . Kinetic . | . . Secondary . | . . Self-Inflicted Damage . | . . Shots . | . . Rammed . | . . Targets Rammed . | . . Kicked . | . . Crushed . | . . Highest Temperature 214 | . 214 Average Temperature 58 | . 58 Received Heat Transfer 165 | . 165 Siege Activations . | . . Robots Corrupted . | . . Combat Hostiles . | . . Parts Fried . | . . Impact Corruptions . | . . Robots Melted . | . . Combat Hostiles . | . . Parts Melted 1 | . 1 Heat Transferred 1099 | 50 1049 Parts Sabotaged . | . . Parts Stolen . | . . Parts Stripped . | . . Power Chain Reactions . | . . Missiles Intercepted . | . . Alert | -11 -10 ------- Run | Scr Mat Peak Influence 368 | 15 368 Initial 9 | . 9 Average 180 | 5 199 Maximum Alert Level 1 | . 1 Low Security (%) 42 | 100 36 Level 1 57 | . 63 Level 2 . | . . Level 3 . | . . Level 4 . | . . Level 5 . | . . High Security . | . . Max Security . | . . Squads Dispatched 3 | . 3 Investigation 2 | . 2 Extermination . | . . Reinforcement 1 | . 1 Assault . | . . Garrison . | . . Intercept . | . . Construction Impeded . | . . Haulers Reinforced . | . . Stealth | -11 -10 --------- Run | Scr Mat Distress Signals . | . . Communications Jammed . | . . Distress Signals . | . . Times Spotted 25 | . 25 Peak Tracking Total 6 | . 6 Tactical Retreats . | . . Traps | -11 -10 ------- Run | Scr Mat Traps Triggered 3 | . 3 Indirectly . | . . Trap Hack Attempts . | . . Triggered . | . . Disarmed . | . . Reprogrammed . | . . Reused . | . . Traps Extracted . | . . Installed . | . . Triggered . | . . Machines | -11 -10 ---------- Run | Scr Mat Machines Disabled 3 | . 3 Max in Single Turn 2 | . 2 Machines Sabotaged . | . . Garrisons Compromised . | . . Overloaded Fab Kills . | . . Fab Network Shutdowns . | . . Hacking | -11 -10 --------- Run | Scr Mat Machines Accessed 3 | . 3 Terminals 2 | . 2 Fabricators . | . . Repair Stations 1 | . 1 Recycling Units . | . . Scanalyzers . | . . Garrison Access . | . . Total Hacks 11 | . 11 Successful 5 | . 5 Failed 6 | . 6 Catastrophic . | . . Database Lockouts . | . . Manual . | . . Terminals 8 | . 8 Fabricators . | . . Repair Stations 3 | . 3 Recycling Units . | . . Scanalyzers . | . . Garrison Access . | . . Terminal Hacks 4 | . 4 Robot Analysis 2 | . 2 Patrol Status 1 | . 1 Registered Components 1 | . 1 Fabricator Hacks . | . . Repair Station Hacks 1 | . 1 Scan Component 1 | . 1 Recycling Unit Hacks . | . . Scanalyzer . | . . Garrison Access Hacks . | . . Unauthorized Hacks . | . . Terminals . | . . Fabricators . | . . Repair Stations . | . . Recycling Units . | . . Scanalyzers . | . . Garrison Access . | . . Data Cores Recovered . | . . Used . | . . Hacking Detections 3 | . 3 Full Trace Events 2 | . 2 Feedback Events . | . . Feedback Blocked . | . . Robot Schematics Acquired . | . . Robots Built . | . . Matter . | . . Time . | . . Total Robot Build Rating . | . . Part Schematics Acquired . | . . Parts Built . | . . Matter . | . . Time . | . . Total Part Build Rating . | . . Parts Repaired . | . . Time . | . . Parts Recycled . | . . Recycled Matter . | . . Retrieved Matter . | . . Retrieved Components . | . . Parts Scanalyzed . | . . Part Schematics Acquired . | . . Parts Damaged . | . . Bothacking | -11 -10 ------------ Run | Scr Mat Used RIF Installer . | . . Robots Hacked . | . . Non-combat . | . . Combat . | . . Robot Hacks Applied . | . . Relay Couplers Released . | . . Robots Rewired . | . . Allies Hacked . | . . Hacks Repelled . | . . Allies | -11 -10 -------- Run | Scr Mat Total Allies . | . . Largest Group . | . . Highest-Rated Group . | . . Highest-Rated Ally . | . . Total Orders . | . . Ally Attacks . | . . Total Damage . | . . Kills . | . . Allies Corrupted . | . . Allies Melted . | . . Intel | -11 -10 ------- Run | Scr Mat Robot Analysis Total 2 | . 2 Derelict Logs Recovered . | . . Drone Launches . | . . Drone Recoveries . | . . Exploration | -11 -10 ------------- Run | Scr Mat Turns Passed 662 | 66 596 Spaces Moved 504 | 36 468 Core 2 | 2 . Treads . | . . Legs . | . . Wheels 502 | 34 468 Hover . | . . Flight . | . . Fastest Speed 50 | 50 80 Average Speed 84 | 86 84 Slowest Speed 110 | 90 110 Overloaded Moves . | . . Propulsion Burnouts . | . . Robots Hopped . | . . Cave-ins Triggered . | . . Exploration Rate (%) 30 | 4 57 Regions Visited 1 Branch Regions . Pre-discovered Areas . | . . Known Exits Taken . | . . Unknown Exits Taken 1 | 1 . Scrap Searched . | . . Spaces Dug . | . . Terrain Destroyed 66 | . 66 Melee . | . . Projectile . | . . AOE 66 | . 66 Terrain Rammed . | . . Walls Destroyed . | . . Machines Disabled . | . . Actions | -11 -10 --------- Run | Scr Mat Total 634 | 62 572 Wait 10 | . 10 Move 503 | 35 468 Hop . | . . Pick Up 25 | 13 12 Fast Attach 2 | . 2 Attach 12 | 7 5 Detach . | . . Swap 19 | 2 17 Drop 8 | . 8 Fire 55 | 5 50 Melee . | . . Ram . | . . Kick . | . . Crush . | . . Escape Stasis . | . . Rewire . | . . Trap . | . . Miscellaneous . | . . Route ------- -11/Scrapyard -10/Materials (discovered 4 exits: [*Mat x2] / [*Min x2]) History --------- Turn | Location | Event 13 | -11/Scrapyard | Discovered new exit (range 14) 67 | -11/Scrapyard | Entered Materials 229 | -10/Materials | Discovered new exit (range 13) 233 | -10/Materials | Discovered new exit (range 10) 266 | -10/Materials | Core integrity fell below 50% 323 | -10/Materials | Build established: Mutant 462 | -10/Materials | Discovered new exit (range 15) 637 | -10/Materials | Discovered new exit (range 6) 650 | -10/Materials | Core integrity fell below 20% 663 | -10/Materials | Destroyed by S-10 Pest with Light Assault Rifle Last Messages --------------- U-05 Engineer lays Concrete. Acquired 40 matter. U-05 Engineer lays Concrete. K-01 Serf collects debris. U-05 Engineer lays Concrete. Acquired Sensor Array. U-05 Engineer lays Concrete. Acquired 9 matter. K-01 Serf collects debris. U-05 Engineer lays Concrete. K-01 Serf collects debris. U-05 Engineer lays Concrete. K-01 Serf collects debris. U-05 Engineer lays Concrete. U-05 Engineer builds a Wall. System corrupted: Component data lost. EXIT=FOUND Grenade Launcher destroyed. S-10 Pest destroyed. Beam Cannon destroyed. Map ----- +----------------------------------------------------+ | | | | | | | ???????????????????????????????????????? | | ???????????????????????????????????????? | | ???????????????????????????????????????? | | ???????????????????????????????????????? | | ???????????????????????????????????????? | | ###############????????????????????????? | | #????????????????????????? | | < ########## #????????????????????????? | | # T ????# #??????#####?????????????? | | # ????# #?????##"""##????????????? | | # ???# #????##"|||"##???????????? | | = # ?### ###??#"" ""#???????????? | | # # #??# #???????????? | | #! """ # #### < #???????????? | | # """ + + #???????????? | | # """ # #### #???????????? | | # # #??## ##???????????? | | # """?## ##???## ##????????????? | | = # """??# #?????# #?????????????? | | # ""???# #?????# #?????????????? | | ! =# ???# #?????# #?????????????? | | ##?#????# #????## s##????????????? | | #??????? ????# @#????????????? | | ^ #??????# =s #???????? | | ^#??????# T +???????? | | #####??# a ! #???????? | | ##### ### ##???????? | | ################???###+###??+#????????? | | [#?????????????????????????????????????? | | #?????????????????????????????????????? | | #?????????????????????????????????????? | | #?????????????????????????????????????? | | ####+###??????????????????????????????? | | #??????????????????????????????? | | + ""???????????????????????????? | | # ""???????????????????????????? | | #########??????????????????????????????? | | #????????????????????????????????????? | | #????????????????????????????????????? | | #????????????????????????????????????? | | #????????????????????????????????????? | | ###????????????????????????????????????? | | ???????????????????????????????????????? | | ???????????????????????????????????????? | | ???????????????????????????????????????? | | ???????????????????????????????????????? | | ???????????????????????????????????????? | +----------------------------------------------------+ Best States ------------- Heat Dissipation 25 Energy Generation 14 Energy Capacity 250 Matter Stores 300 Matter Capacity 300 Sight Range 16 Terrain Scan Density 10 Utility Shielding 33 Evasion (%) 44 Item Schematics ----------------- None Robot Schematics ------------------ None Fabricated ------------ Nothing Alien Tech Used ----------------- None Achievements -------------- Use The Force Challenges ------------ None Game ------ Seed IntegrityRestorationFlail Manual? 0 Play Time 00:19:17 Cumulative 6.9 hours Start 2020.09.24 @ 12:05:58 End 2020.09.24 @ 12:35:25 Sessions 1 Manual Loads 0 Difficulty Rogue Special Mode None Game No. 6 Rogue 6 Adventurer 0 Explorer 0 Win Type - Total 0 Types 0/0/0/0/0/0/0/0/0 Lore% 3 Gallery% 13 Achievement% 12 Wizard Run 0 Options --------- ASCII 0 Keyboard 0 Movement Mouse Keybinds 0 Fullscreen 1 Font 18/TerminusBold Map View 76x50 Tactical HUD 0 Map Filters NONE Filters NONE Steam 1 RUN: 0f8eee3b-f88e-44c1-8d7b-5c8941a54d7b